 Dungeon Crawl Stone Soup version 0.30-a0-847-g17996783a1 (webtiles) character file.

Game seed: 454149925416582448

39232 jasper the Cleaver (level 13, -12/105 HPs)
             Began as a Demonspawn Fighter on Mar 3, 2023.
             Was a High Priest of Okawaru.
             Mangled by a skyshark (23 damage)
             ... on level 5 of the Lair of Beasts.
             The game lasted 00:33:11 (19818 turns).

jasper the Cleaver (Demonspawn Fighter)            Turns: 19818, Time: 00:33:12

Health: -12/105    AC: 24    Str: 19    XL:     13   Next: 68%
Magic:  21/21      EV:  5    Int: 17    God:    Okawaru [*****.]
Gold:   760        SH: 11    Dex: 15    Spells: 6/12 levels left

rFire   . . .      SeeInvis .    L - +6 broad axe (elec)
rCold   . . .      Faith    +    I - +0 kite shield
rNeg    . . .      Spirit   .    X - +1 plate armour of Omnyuf {rElec Dex+3}
rPois   +          Reflect  .    (helmet unavailable)
rElec   +          Rampage  .    R - +2 cloak
rCorr   .                        A - +0 pair of gloves
Will    .....                    z - +0 pair of boots Stlth
                                 P - amulet of faith
HPRegen 0.37/turn                l - ring of poison resistance
MPRegen 0.17/turn                d - +4 ring of protection

@: no status effects
A: horns 3, foul stench 1, big brain 2
a: Renounce Religion, Heroism, Finesse, Duel


You were on level 5 of the Lair of Beasts.
You worshipped Okawaru.
Okawaru was extremely pleased with you.
You visited 3 branches of the dungeon, and saw 17 of its levels.

You collected 947 gold pieces.
You spent 187 gold pieces at shops.

Inventory:

Hand Weapons
 i - a +1 antimagic trident
 x - a +0 heavy broad axe
 y - a +2 broad axe of electrocution
 L - a +6 broad axe of electrocution (weapon)
 Y - a +0 demon whip of venom
Missiles
 N - 19 poisoned darts
 O - a curare-tipped dart
 T - 3 boomerangs (quivered)
 U - 4 throwing nets
 V - 4 javelins
 W - 2 atropa-tipped darts
Armour
 z - a +0 pair of boots (worn)
 A - a +0 pair of gloves (worn)
 I - a +0 kite shield (worn)
 R - a +2 cloak (worn)
 X - the +1 plate armour of Omnyuf (worn) {rElec Dex+3}
   (You found it on level 1 of the Lair of Beasts)

   Dex:       It affects your dexterity (+3).
   rElec:     It insulates you from electricity.
Jewellery
 d - a +4 ring of protection (right hand)
 l - a ring of poison resistance (left hand)
 m - a ring of resist corrosion
 r - a ring of fire
 P - an amulet of faith (around neck)
Wands
 a - a wand of polymorph (8)
 c - a wand of roots (8)
 D - a wand of mindburst (10)
 F - a wand of digging (4)
 G - a wand of paralysis (24)
Scrolls
 b - 4 scrolls of teleportation
 h - 4 scrolls of magic mapping
 j - a scroll of identify
 k - 3 scrolls of vulnerability
 n - a scroll of noise
 o - 5 scrolls of immolation
 q - 5 scrolls of enchant armour
 t - a scroll of blinking
 w - a scroll of silence
 C - a scroll of butterflies
 E - 4 scrolls of fog
 S - a scroll of poison
 Z - a scroll of amnesia
Potions
 e - 3 potions of mutation
 f - a potion of resistance
 g - 8 potions of curing
 p - a potion of haste
 s - 4 potions of brilliance
 u - 2 potions of ambrosia
 v - 3 potions of lignification
 B - 4 potions of attraction
 H - a potion of invisibility
 J - 2 potions of heal wounds
 K - a potion of might
 M - 2 potions of magic
 Q - 3 potions of flight


   Skills:
 + Level 10.9 Fighting
 * Level 13.5 Axes
 - Level 6.3 Throwing
 + Level 8.1 Armour
 + Level 8.4 Shields
 - Level 11.0 Invocations


You had 6 spell levels left.
You knew the following spells:

 Your Spells              Type           Power      Damage    Failure   Level
a - Apportation           Tloc           0%         N/A       100%        1
b - Swiftness             Air            0%         N/A       100%        3
c - Passwall              Tmut/Erth      0%         N/A       100%        2

Your spell library contained the following spells:

 Spells                   Type           Power      Damage    Failure   Level
 Beastly Appendage        Tmut           0%         N/A       100%        1
 Necrotise                Necr           0%         1d4       100%        1
 Sandblast                Erth           0%         2d4       100%        1
 Shock                    Conj/Air       0%         1d3       100%        1
 Wereblood                Tmut           0%         N/A       100%        2
 Inner Flame              Hex/Fire       0%         N/A       100%        3
 Ozocubu's Armour         Ice            0%         N/A       100%        3
 Spider Form              Tmut/Pois      0%         N/A       100%        3
 Stone Arrow              Conj/Erth      0%         3d7       100%        3
 Airstrike                Air            0%         2d(0-16)  100%        4
 Flame Wave               Conj/Fire      0%         2d4       100%        4
 Sticky Flame             Conj/Fire      0%         2d3       100%        4
 Freezing Cloud           Conj/Ice/Air   0%         6-21      100%        5
 Metabolic Englaciation   Hex/Ice        0%         N/A       100%        5
 Polar Vortex             Ice            0%         N/A       100%        9
 Summon Small Mammal      Summ           Unusable   N/A       N/A         1
 Simulacrum               Ice/Necr       Unusable   N/A       N/A         6

Dungeon Overview and Level Annotations

Branches:
Dungeon (11/15)            Temple (1/1) D:4            Lair (5/5) D:11
 Shoals (0/4) Lair:3       Spider (0/4) Lair:3
  Slime: Lair:4-5       Orc: D:9-12

Altars:
Ashenzari
Cheibriados
Dithmenos
Fedhas
Gozag
Hepliaklqana
Kikubaaqudgha
Makhleb
Nemelex Xobeh
Okawaru
Qazlal
Ru
Sif Muna
Trog
Uskayaw
Vehumet
Wu Jian
Xom
Yredelemnul

Shops:
D:3 [   D:4 (   D:7 :

Annotations:
D:8 Gastronok
Lair:3 Rupert
Lair:4 2 transporters, Dittersdorf's ghost, journeyman GrFi


Innate Abilities, Weirdness & Mutations

You have a pair of large horns on your head.
You may rarely emit foul miasma when damaged in melee.
You have an extremely huge brain. (Int +4)


Message History

You kill the yak!
Okawaru accepts your kill.
You hit the yak. The yak barely misses you.
The endoplasm jiggles.
The yak barely misses you.
You see here a yak corpse.
You slash the yak! You headbutt the yak.
You kill the yak!
Okawaru accepts your kill. The endoplasm freezes you.
You are frozen.
You see here a water moccasin corpse.
You take 5 damage, and have 66/105 hp.
The endoplasm freezes you.
You are frozen.
You take 4 damage, and have 62/105 hp.
You slash the endoplasm!
You kill the endoplasm!
A skyshark comes into view.
A skyshark is nearby!
You hit the skyshark.
The skyshark is lightly wounded.
The skyshark bites you!
The skyshark tastes blood and grows stronger!
You fall asleep.
The skyshark tail-slaps you!!
You wake up.
You block the skyshark's attack.
You take 26 damage, and have 39/105 hp.
MASSIVE DAMAGE!!
You hit the skyshark but do no damage. Your headbutt misses the skyshark.
The skyshark is lightly wounded.
The skyshark bites you!!
* * * LOW HITPOINT WARNING * * *
The skyshark enters a blood-rage!
You are unaffected.
The skyshark tail-slaps you.
* * * LOW HITPOINT WARNING * * *
You block the skyshark's attack.
You take 29 damage, and have 10/105 hp.
MASSIVE DAMAGE!!
You slash the skyshark! You headbutt the skyshark!
The skyshark is moderately wounded.
The skyshark bites you!!
You die...

##.......#....
#............
###..........# .
#............#..
#.P...........#.
##...............
#......††........
#.....†<†....$#..
##....†.†@l...#
#...............
#................
#P...........[#.#.
#P............#...
#....^.......## ..
#...........#.)
.##............


You could see a skyshark (berserk).

Vanquished Creatures
  Kirke (Lair:4)
  Harold (Lair:1)
  A hydra (Lair:2)
  A catoblepas (Lair:4)
  2 two-headed ogres
  A boulder beetle (D:11)
  Amaemon (Lair:2)
  Pikel (D:5)
  4 manticores
  3 oklob plants
  2 black mambas
  2 merfolk sirens (Lair:3)
  10 elephants
  A molten gargoyle (Lair:3)
  An orange demon (Lair:2)
  4 cane toads
  An unseen horror (D:10)
  Maggie (D:8)
  2 rime drakes
  8 komodo dragons
  An efreet (D:11)
  Psyche (D:8)
  2 polar bears
  2 merfolk (Lair:3)
  2 trolls
  A hornet (D:7)
  8 blink frogs
  Sigmund (D:3)
  A jumping spider (Lair:3)
  A shadow (D:10)
  44 yaks
  A vampire (D:11)
  Eustachio (D:4)
  2 wraiths (D:9)
  A human (Lair:4)
  4 wyverns
  3 hogs (Lair:4)
  A steam dragon (Lair:2)
  4 vampire mosquitoes (D:10)
  Edmund (D:6)
  An acid dragon (D:11)
  Duvessa (D:4)
  14 water moccasins
  3 black bears
  6 ice beasts
  3 orc warriors
  2 sky beasts (D:7)
  14 wolves
  An ogre (D:7)
  A lemure (D:5)
  13 centaurs
  A phantom (D:5)
  4 kobold brigands
  14 bullfrogs
  2 gnoll sergeants (D:4)
  5 scorpions
  10 wights
  Dowan (D:4)
  9 killer bees
  An electric eel (Lair:4)
  7 howler monkeys
  A lava snake (Lair:3)
  4 jellies
  An orc priest (D:10)
  Crazy Yiuf (D:3)
  A hound (D:7)
  5 sleepcaps
  Jessica (D:3)
  Ijyb (D:3)
  Terence (D:3)
  An iguana (D:7)
  7 orc wizards
  Robin (D:2)
  11 adders
  8 gnolls (D:4)
  A shadow imp (D:7)
  A white imp (D:7)
  2 worms
  4 dart slugs
  34 orcs
  7 bats
  6 endoplasms
  4 giant cockroaches
  8 hobgoblins
  4 jackals (D:2)
  3 quokkas
  2 training dummies (D:4)
  8 ball pythons
  2 frilled lizards
  19 goblins
  19 kobolds
  4 rats
  A spectral hobgoblin (D:1)
416 creatures vanquished.

Vanquished Creatures (others)
  13 fungi
  22 plants
35 creatures vanquished.

Grand Total: 451 creatures vanquished

Notes
Turn   | Place    | Note
-------+----------+-------------------------------------------
     0 | D:1      | jasper the Demonspawn Fighter began the quest for the Orb.
     0 | D:1      | Reached XP level 1. HP: 18/18 MP: 1/1
   236 | D:1      | Gained mutation: You have a pair of small horns on your
                  | head. [demonic ancestry]
   236 | D:1      | Reached XP level 2. HP: 17/24 MP: 2/2
   397 | D:1      | Found a faded altar of an unknown god.
  1034 | D:2      | Reached XP level 3. HP: 12/29 MP: 3/3
  1500 | D:2      | Reached skill level 2 in Axes
  1621 | D:2      | Gained mutation: You have an unusually large brain. (Int
                  | +2) [demonic ancestry]
  1621 | D:2      | Reached XP level 4. HP: 35/35 MP: 4/4
  1720 | D:2      | Noticed Robin
  1728 | D:2      | Killed Robin
  2232 | D:3      | Noticed Terence
  2243 | D:3      | Killed Terence
  2244 | D:3      | Reached XP level 5. HP: 30/41 MP: 5/5
  2335 | D:3      | Reached skill level 3 in Axes
  2466 | D:3      | Identified the +5 leather armour of the Hidden Lies {Dex+4}
  2511 | D:3      | Found a runed translucent door.
  2512 | D:3      | Noticed Crazy Yiuf
  2687 | D:3      | Noticed Ijyb
  2716 | D:3      | Killed Ijyb
  2829 | D:3      | Noticed Jessica
  2837 | D:3      | Noticed Sigmund
  2916 | D:4      | Found Ikitt's Antique Weapon Boutique.
  2918 | D:4      | Noticed a centaur
  2924 | D:4      | Noticed Eustachio
  2928 | D:4      | Killed a centaur
  2929 | D:4      | Reached skill level 4 in Axes
  2929 | D:4      | Reached XP level 6. HP: 37/48 MP: 6/6
  2937 | D:5      | Entered Level 5 of the Dungeon
  3280 | D:5      | Reached skill level 5 in Axes
  3280 | D:5      | Gained mutation: You have a pair of horns on your head.
                  | [demonic ancestry]
  3280 | D:5      | Reached XP level 7. HP: 41/55 MP: 7/7
  3306 | D:5      | Learned a level 1 spell: Apportation
  3310 | D:5      | Learned a level 3 spell: Swiftness
  3442 | D:5      | Noticed Pikel
  3712 | D:6      | Noticed a two-headed ogre
  3727 | D:6      | Killed a two-headed ogre
  3728 | D:6      | Reached skill level 6 in Axes
  3728 | D:6      | Reached XP level 8. HP: 42/64 MP: 8/8
  3880 | D:6      | Reached skill level 7 in Axes
  4079 | D:6      | Noticed Blork the orc
  4463 | D:6      | Identified the +10 mace "Hydra's Nightmare" {holy, *Rage
                  | rElec rF++ Int+2}
  4487 | D:7      | Reached skill level 8 in Axes
  4491 | D:6      | Noticed Edmund
  5008 | D:7      | Gained mutation: You have a pair of large horns on your
                  | head. [demonic ancestry]
  5008 | D:7      | Reached XP level 9. HP: 41/72 MP: 9/9
  5554 | D:7      | Reached skill level 9 in Axes
  6087 | D:5      | Killed Pikel
  6238 | D:4      | Killed Eustachio
  6252 | D:3      | Killed Sigmund
  6254 | D:3      | Killed Jessica
  6279 | D:3      | Found Sigoorate's Antique Armour Emporium.
  6690 | D:3      | Killed Crazy Yiuf
  6797 | D:4      | Noticed Duvessa
  6797 | D:4      | Noticed Dowan
  6806 | D:4      | Killed Dowan
  6813 | D:4      | Killed Duvessa
  6814 | D:4      | Reached skill level 5 in Shields
  6954 | D:4      | Gained mutation: You may rarely emit foul miasma when
                  | damaged in melee. [demonic ancestry]
  6954 | D:4      | Reached XP level 10. HP: 70/80 MP: 10/10
  6957 | D:4      | Reached skill level 10 in Axes
  7464 | D:4      | Learned a level 2 spell: Passwall
  7571 | D:4      | Bought a faintly glowing trident for 187 gold pieces
  7571 | D:4      | Identified the +6 trident "Kuaz" {elec, rElec rN+ Dex+3}
                  | (You bought it in a shop on level 4 of the Dungeon)
  7724 | D:4      | Found a staircase to the Ecumenical Temple.
  7819 | Temple   | Entered the Ecumenical Temple
  7978 | Temple   | Became a worshipper of Warmaster Okawaru
  8784 | D:6      | Killed Edmund
  9184 | D:6      | Blork the orc changed into Blork the giant cockroach
  9184 | D:6      | Noticed Blork
  9190 | D:6      | Killed Blork the giant cockroach
  9488 | D:7      | Paralysed by a hornet for 3 turns
  9764 | D:7      | Reached skill level 5 in Armour
  9959 | D:7      | Found Tazur's Vocational Training.
 10013 | D:7      | Reached * piety under Okawaru
 10029 | D:7      | Noticed a manticore
 10029 | D:7      | Noticed a manticore
 10039 | D:7      | Killed a manticore
 10040 | D:7      | Reached skill level 1 in Throwing
 10045 | D:7      | Killed a manticore
 10506 | D:8      | Noticed Maggie
 10530 | D:8      | Killed Maggie
 10531 | D:8      | Reached skill level 5 in Invocations
 10620 | D:8      | Found a basalt altar of Yredelemnul.
 10620 | D:8      | Noticed Psyche
 10634 | D:8      | Killed Psyche
 10867 | D:8      | Noticed Gastronok
 10908 | D:8      | Reached ** piety under Okawaru
 10909 | D:8      | Reached skill level 5 in Throwing
 10910 | D:8      | Gained mutation: You have an extremely huge brain. (Int +4)
                  | [demonic ancestry]
 10910 | D:8      | Reached XP level 11. HP: 79/87 MP: 14/14
 10942 | D:9      | Noticed a two-headed ogre
 10950 | D:9      | Killed a two-headed ogre
 11279 | D:9      | Reached *** piety under Okawaru
 11590 | D:10     | Entered Level 10 of the Dungeon
 12148 | D:10     | Reached skill level 11 in Axes
 12478 | D:10     | Reached **** piety under Okawaru
 13678 | D:11     | Noticed a boulder beetle
 13704 | D:11     | Killed a boulder beetle
 13740 | D:11     | Found a staircase to the Lair.
 14063 | Lair:1   | Entered Level 1 of the Lair of Beasts
 14101 | Lair:1   | Reached XP level 12. HP: 58/96 MP: 15/15
 14256 | Lair:1   | Noticed Harold
 14268 | Lair:1   | Killed Harold
 14268 | Lair:1   | Received a gift from Okawaru
 14379 | Lair:1   | Reached ***** piety under Okawaru
 14380 | Lair:1   | Reached skill level 12 in Axes
 14417 | Lair:1   | Received a gift from Okawaru
 14814 | Lair:1   | Reached skill level 10 in Fighting
 14817 | Lair:1   | Identified the +9 double sword "Xovvoy" {vamp, Will+ Int+2
                  | Dex+3} (Okawaru gifted it to you on level 1 of the Lair of
                  | Beasts)
 14817 | Lair:1   | Received a gift from Okawaru
 15042 | Lair:1   | Identified the +1 plate armour of Omnyuf {rElec Dex+3}
 15486 | Lair:1   | Identified the +0 helmet of Panentheism {Str+2}
 16272 | Lair:2   | Noticed Amaemon
 16288 | Lair:2   | Killed Amaemon
 16311 | Lair:2   | Received a gift from Okawaru
 16429 | Lair:2   | Reached skill level 13 in Axes
 16685 | Lair:2   | Received a gift from Okawaru
 16687 | Lair:2   | Reached XP level 13. HP: 66/104 MP: 16/16
 16803 | Lair:2   | You fall into a shaft and drop 2 floors!
 16852 | Lair:4   | Received a gift from Okawaru
 16971 | Lair:3   | Found a hole to the Spider Nest.
 17121 | Lair:3   | Found a staircase to the Shoals.
 17509 | Lair:3   | Noticed Rupert
 18385 | Lair:4   | Found a transporter.
 18438 | Lair:4   | Noticed Dittersdorf's ghost (journeyman GrFi)
 18478 | Lair:4   | Noticed Kirke
 18498 | Lair:4   | Killed Kirke
 18498 | Lair:4   | Received a gift from Okawaru
 18499 | Lair:4   | Reached skill level 10 in Invocations
 18947 | Lair:4   | Found a transporter.
 19128 | Lair:4   | Found a hide-covered altar of Uskayaw.
 19545 | Lair:4   | Received a gift from Okawaru
 19719 | Lair:5   | Entered Level 5 of the Lair of Beasts
 19818 | Lair:5   | Mangled by a skyshark

Illustrated notes

Levels and vault maps discovered:
D:1:      dpeg_arrival_lava_temple_mockup, layout_loops_cross,
          dreamdust_ecumenical_altar_drowned_temple, minmay_crystal_room
D:2:      layout_basic, grunt_ministairs_9, minmay_octomino_j4, uniq_robin
D:3:      layout_loops_ring, serial_shops, shop_fountains, minmay_misc_feat_x,
          feat_on_display, uniq_ijyb, uniq_sigmund, uniq_terence,
          uniq_crazy_yiuf_cottage, uniq_jessica
D:4:      dreamdust_elfheim, layout_cave_pools,
          minmay_temple_entry_gardened_gates, serial_shops, nicolae_shop_stone,
          gup_sewer_entry_pipe, grunt_decor_mini_mirrors, uniq_eustachio
D:5:      layout_rooms, corexii_shack, uniq_pikel
D:6:      layout_loops_cross, serial_co_window_serial, co_window_paths_b,
          co_window_corner_a, co_window_corner_a, co_window_paths_b,
          co_window_of_opportunity_a, co_window_unsneaky_path_b,
          co_window_corner_ca, co_window_corner_b, co_window_broadway_c,
          co_window_unsneaky_path_c, co_window_paths_d,
          chequers_serial_rivers_marsh, uniq_blork_the_orc, uniq_edmund
D:7:      cheibrodos_barr_body, layout_loops_corners, dreamdust_princess_bridge,
          corner_web_ring, nicolae_shop_vocational, uniq_duvessa
D:8:      layout_rooms, overflow_temple_1_default, grunt_ministairs_2,
          uniq_gastronok, uniq_psyche, uniq_maggie
D:9:      layout_rooms
D:10:     layout_basic
D:11:     layout_basic, hellmonk_lair_entry_icy, kennysheep_donut
Temple:   nicolae_temple_bog_church
Lair:1:   layout_cellular_growth, minmay_lair_oklob_items, uniq_harold
Lair:2:   layout_loops_ring, chequers_serial_rivers_micro_b, uniq_amaemon
Lair:3:   layout_gridlike, elwin_shoals_entry_stream, spider_nest_entry_a,
          nicolae_lair_lil_pond, uniq_rupert
Lair:4:   layout_small_grid, nzn_ghost_randoct, lemuel_centaur_altar,
          serial_bayou_shore_a, uniq_kirke
Lair:5:   hangedman_lair_caniforms_friends, layout_cave_pods,
          nicolae_slime_entry_slimehenge, pdpol_lair_cabin_in_the_woods

Skill      XL: |  1  2  3  4  5  6  7  8  9 10 11 12 13 |
---------------+----------------------------------------+-----
Shields        | 3 4 5 6 8 |  8.4
Axes           | 2 4 5 6 8 9 10 11 13 | 13.5
Armour         | 3 4 5 6 7 8 |  8.1
Fighting       | 4 6 7 8 9 10 | 10.9
Throwing       | 5 6 |  6.3
Invocations    | 5 11 | 11.0

Action                     |  1- 3 |  4- 6 |  7- 9 | 10-12 | 13-15 || total
---------------------------+-------+-------+-------+-------+-------++-------
  Melee: War axe           |    73 |   120 |   180 |       |       ||   373
         Headbutt          |     5 |    24 |    45 |   136 |    56 ||   266
         Unarmed           |       |     5 |       |       |     5 ||    10
         Broad axe         |       |       |    71 |   567 |   193 ||   831
         Demon whip        |       |       |       |       |     4 ||     4
  Throw: Dart              |     5 |       |     5 |    37 |       ||    47
         Stone             |       |       |     7 |     2 |       ||     9
         Boomerang         |       |       |       |    76 |    21 ||    97
 Invoke: Heroism           |       |       |       |     9 |     3 ||    12
         Finesse           |       |       |       |       |     2 ||     2
  Evoke: Wand              |       |       |       |     3 |       ||     3
    Use: Potion            |       |     5 |     3 |     9 |     1 ||    18
         Scroll            |       |     8 |     6 |    12 |     3 ||    29
   Stab: Sleeping          |       |       |       |     1 |       ||     1
 Armour: Scale mail        |    42 |    41 |       |       |       ||    83
         Leather armour    |       |    40 |    93 |   252 |       ||   385
         Skin              |       |     8 |     7 |       |       ||    15
         Plate armour      |       |       |       |   113 |   125 ||   238
  Dodge: Dodged            |    37 |    67 |   104 |   244 |    65 ||   517
  Block: Buckler           |    18 |    43 |   105 |     1 |       ||   167
         Kite shield       |       |       |       |   374 |   125 ||   499

Table legend: (Time is in decaauts)
 A = Elapsed time spent in this place.
 B = Non-inter-level travel time spent in this place.
 C = Inter-level travel time spent in this place.
 D = Time resting spent in this place.
 E = Time spent auto-exploring this place.
 F = Levels seen in this place.
 G = Mean time per level.
                   A        B        C        D        E       F      G
               +--------+--------+--------+--------+--------+-----+--------+
         Total |  20098 |  19304 |    794 |   1909 |  13263 |  17 | 1182.2 |
       Dungeon |  14110 |  13534 |    576 |   1844 |   8579 |  11 | 1282.7 |
        Temple |    181 |    157 |     24 |      0 |    127 |   1 |  181.0 |
          Lair |   5806 |   5612 |    194 |     65 |   4557 |   5 | 1161.2 |
               +--------+--------+--------+--------+--------+-----+--------+

Top non-repeatable levels by time:
     D:7: 2427 daAuts
  Lair:1: 2221 daAuts
     D:6: 1881 daAuts
  Lair:4: 1497 daAuts
     D:2: 1336 daAuts
    D:11: 1321 daAuts
     D:4: 1292 daAuts
  Lair:2: 1265 daAuts
     D:5: 1207 daAuts
    D:10: 1180 daAuts
     D:3: 1177 daAuts
     D:1: 954 daAuts
     D:9: 846 daAuts
  Lair:3: 736 daAuts
     D:8: 485 daAuts
